Map: King Sejong Station LE

Players

Gracz

  • Race: Protoss Protoss
  • League: Silver

FeelsBadMan - Winner!

  • Race: Protoss Protoss

VOD

Have the link to the VOD?

Description

Time

  • Played on: Oct. 22, 2016, 7:17 a.m.
  • Length: 14:13
Show
View Real Time Build Order
Export as new Build Order

Gracz Protoss 

Build Orders: Double Forge, Blink Stalkers 

Get SALT Encoding   

  12  0:01  Probe (Chrono Boost)  
  13  0:23  Pylon  
  13  0:29  Probe (Chrono Boost)  
  14  0:39  Probe (Chrono Boost)  
  15  0:46  Gateway  
  16  0:50  Probe (Chrono Boost)  
  16  0:52  Assimilator  
  16  1:00  Pylon, Probe (Chrono Boost)  
  17  1:19  Probe (Chrono Boost)  
  18  1:29  Probe (Chrono Boost)  
  18  1:31  Gateway  
  18  1:32  Gateway  
  19  1:45  Probe (Chrono Boost), Cybernetics Core  
  20  1:49  Assimilator  
  21  2:01  Probe (Chrono Boost)  
  21  2:14  Probe (Chrono Boost)  
  22  2:25  Warp Gate  
  22  2:31  Unknown, Nexus  
  22  2:34  Pylon  
  22  3:04  Probe (Chrono Boost)  
  23  3:20  Twilight Council  
  23  3:22  Forge  
  23  3:25  Forge  
  23  3:29  Robotics Facility  
  23  3:35  Robotics Facility  
  23  3:42  Pylon, Unknown  
  23  3:46  Probe (Chrono Boost)  
  23  3:47  Protoss Ground Weapons Level 1  
  24  3:54  Blink  
  24  4:06  Probe (Chrono Boost)  
  24  4:08  Probe (Chrono Boost)  
  26  4:11  Sentry  
  28  4:34  Gateway x2  
  28  4:41  Robotics Facility  
  28  4:44  Stalker  
  30  4:48  Probe (Chrono Boost)  
  31  5:08  Protoss Ground Armor Level 1  
  31  5:11  Immortal  
  35  5:19  Immortal  
  40  5:22  Probe (Chrono Boost)  
  41  5:28  Probe (Chrono Boost)  
  41  5:32  Stalker  
  41  5:34  Probe (Chrono Boost)  
  44  5:37  Assimilator  
  44  5:41  Assimilator, Probe (Chrono Boost)  
  45  5:55  Protoss Shields Level 1  
  45  6:09  Probe (Chrono Boost)  
  45  6:10  Probe (Chrono Boost)  
  47  6:12  Stalker  
  47  6:15  Stalker  
  51  6:22  Probe (Chrono Boost)  
  51  6:25  Immortal  
  56  6:31  Stalker  
  58  6:38  Probe (Chrono Boost)  
  58  6:39  Probe (Chrono Boost)  
  60  6:41  Stalker  
  62  6:50  Pylon  
  62  6:52  Pylon  
  62  7:04  Protoss Ground Armor Level 2  
  64  7:08  Probe (Chrono Boost)  
  64  7:10  Probe (Chrono Boost)  
  64  7:11  Stalker  
  66  7:19  Mothership Core (Chrono Boost)  
  68  7:32  Stalker x2  
  68  7:33  Stalker  
  74  7:46  Immortal  
  74  7:49  Protoss Ground Weapons Level 2  
  78  7:54  Pylon  
  58  8:34  Robotics Bay  
  58  8:39  Stalker  
  58  8:40  Stalker x2  
  58  8:41  Stalker x2  
  68  8:57  Unknown, Nexus  
  68  9:01  Pylon  
  68  9:06  Pylon  
  68  9:09  Pylon  
  68  9:11  Stalker  
  68  9:12  Stalker x3  
  68  9:13  Assimilator  
  76  9:18  Assimilator  
  56  9:53  Observer x2, Disruptor  
  56  9:56  Stalker x2  
  56  9:58  Stalker x3  
  73  10:08  Mothership Core (Chrono Boost)  
  73  10:09  Unknown  
  72  10:15  Gateway  
  72  10:21  Gateway  
  72  10:22  Gateway  
  72  10:44  Stalker x3  
  72  10:45  Stalker x2  
  72  10:46  Colossus  
  82  10:55  Probe (Chrono Boost)  
  90  10:57  Probe (Chrono Boost)  
  90  11:09  Immortal  
  94  11:17  Protoss Ground Armor Level 3  
  94  11:32  Stalker  
  94  11:33  Stalker  
  94  11:34  Stalker  
  100  11:47  Colossus  
  106  12:06  Probe x2 (Chrono Boost)  
  106  12:08  Probe (Chrono Boost)  
  109  12:16  Stalker x2  
  109  12:17  Probe (Chrono Boost)  
  109  12:19  Stalker  
  109  12:20  Probe (Chrono Boost)  
  117  12:26  Colossus  
  123  12:39  Pylon  
  123  12:41  Stalker  
  123  12:44  Pylon  
  125  13:08  Stalker x3  
  125  13:09  Colossus  
  131  13:13  Stalker  
  131  13:14  Stalker  
  141  13:33  Pylon  
  105  13:47  Stalker x4  
  97  13:50  Stalker  
Show
View Real Time Build Order
Export as new Build Order

FeelsBadMan Protoss - Winner!

Build Orders: 1 Gate Expand 

Get SALT Encoding   

  12  0:03  Probe (Chrono Boost)  
  13  0:15  Probe (Chrono Boost)  
  14  0:23  Pylon  
  14  0:25  Probe (Chrono Boost)  
  15  0:29  Assimilator  
  15  0:41  Probe (Chrono Boost)  
  16  0:53  Gateway  
  16  0:55  Probe (Chrono Boost)  
  17  1:05  Probe (Chrono Boost)  
  17  1:11  Pylon  
  18  1:16  Probe (Chrono Boost)  
  19  1:26  Probe (Chrono Boost)  
  20  1:37  Probe (Chrono Boost)  
  20  1:38  Unknown, Nexus  
  21  1:47  Cybernetics Core  
  21  1:54  Probe (Chrono Boost)  
  21  1:58  Assimilator  
  22  2:05  Zealot  
  24  2:11  Probe (Chrono Boost)  
  25  2:50  Unknown  
  25  2:52  Probe x2 (Chrono Boost)  
  25  2:53  Stalker  
  29  3:00  Pylon  
  29  3:03  Probe (Chrono Boost)  
  30  3:09  Warp Gate  
  30  3:14  Pylon  
  30  3:23  Stargate, Stalker  
  30  3:26  Probe (Chrono Boost)  
  34  3:31  Mothership Core (Chrono Boost)  
  35  3:36  Probe (Chrono Boost)  
  36  3:45  Gateway  
  36  3:47  Probe (Chrono Boost), Gateway  
  37  3:49  Gateway  
  37  3:56  Stalker  
  37  4:00  Probe (Chrono Boost)  
  37  4:02  Probe (Chrono Boost)  
  41  4:10  Forge  
  41  4:11  Probe (Chrono Boost)  
  41  4:14  Probe (Chrono Boost), Twilight Council  
  43  4:27  Probe (Chrono Boost)  
  43  4:29  Assimilator, Probe (Chrono Boost)  
  43  4:31  Phoenix  
  47  4:33  Assimilator  
  47  4:49  Robotics Facility  
  47  5:06  Blink  
  47  5:10  Probe (Chrono Boost)  
  47  5:12  Probe (Chrono Boost)  
  49  5:17  Phoenix  
  49  5:21  Probe (Chrono Boost)  
  52  5:24  Probe (Chrono Boost)  
  53  5:31  Probe (Chrono Boost)  
  55  5:36  Probe (Chrono Boost)  
  55  5:44  Unknown, Nexus  
  55  5:46  Photon Cannon, Phoenix  
  55  5:47  Pylon, Photon Cannon  
  55  5:49  Pylon  
  57  5:51  Probe (Chrono Boost)  
  57  5:53  Probe (Chrono Boost)  
  59  5:57  Pylon  
  59  6:08  Dark Shrine  
  59  6:10  Phoenix  
  61  6:13  Protoss Air Armor Level 1  
  61  6:26  Stargate  
  61  6:27  Protoss Ground Weapons Level 1  
  61  6:35  Forge  
  61  6:46  Phoenix  
  63  6:47  Stalker x2  
  63  6:53  Probe (Chrono Boost)  
  69  6:55  Unknown, Probe (Chrono Boost)  
  69  6:58  Probe (Chrono Boost)  
  70  7:04  Probe (Chrono Boost)  
  70  7:06  Observer  
  70  7:07  Probe (Chrono Boost)  
  73  7:09  Probe (Chrono Boost)  
  73  7:14  Probe (Chrono Boost)  
  75  7:18  Phoenix  
  75  7:19  Probe x2 (Chrono Boost)  
  75  7:20  Phoenix  
  81  7:27  Observer  
  81  7:28  Stalker  
  84  7:31  Stalker x2  
  88  7:38  Pylon  
  88  7:49  Observer  
  89  7:51  Phoenix  
  89  7:56  Sentry  
  93  8:08  Probe (Chrono Boost), Photon Cannon  
  93  8:09  Probe (Chrono Boost)  
  93  8:10  Probe (Chrono Boost)  
  93  8:11  Photon Cannon  
  93  8:12  Photon Cannon  
  90  8:29  Stalker, Dark Templar  
  90  8:30  Dark Templar  
  90  8:32  Probe x2 (Chrono Boost)  
  90  8:33  Probe (Chrono Boost)  
  99  8:39  Gateway  
  99  8:40  Gateway  
  99  8:42  Probe (Chrono Boost), Gateway  
  99  8:47  Observer  
  99  8:48  Gateway  
  101  8:49  Gateway  
  101  8:59  Pylon  
  101  9:02  Pylon  
  101  9:06  Pylon  
  101  9:11  Pylon  
  101  9:17  Phoenix x2  
  83  9:45  Immortal  
  85  9:47  Void Ray x2  
  85  9:50  Stalker  
  95  10:01  Stalker x3  
  95  10:02  Stalker x2  
  95  10:03  Probe x2 (Chrono Boost)  
  95  10:05  Probe (Chrono Boost)  
  108  10:08  Assimilator  
  108  10:11  Assimilator  
  108  10:13  Probe (Chrono Boost)  
  109  10:23  Unknown, Nexus  
  105  10:37  Probe x2 (Chrono Boost)  
  105  10:39  Probe (Chrono Boost)  
  108  10:47  Void Ray x2  
  108  10:48  Probe (Chrono Boost)  
  117  10:50  Stalker  
  117  10:53  Protoss Ground Weapons Level 2  
  119  11:10  Pylon  
  119  11:13  Pylon  
  119  11:26  Unknown, Nexus  
  117  11:35  Unknown  
  117  11:45  Probe x3 (Chrono Boost)  
  117  11:46  Probe (Chrono Boost)  
  121  11:51  Pylon  
  121  11:52  Void Ray x2  
  129  11:55  Stalker, Probe (Chrono Boost)  
  129  11:56  Stalker, Probe (Chrono Boost)  
  129  11:58  Protoss Ground Armor Level 1  
  129  11:59  Probe (Chrono Boost)  
  136  12:03  Charge  
  136  12:09  Probe x3 (Chrono Boost)  
  136  12:10  Assimilator  
  136  12:11  Probe (Chrono Boost)  
  136  12:13  Assimilator  
  140  12:17  Stalker x2  
  140  12:19  Stalker x6  
  140  12:20  Mothership Core (Chrono Boost)  
  158  12:37  Unknown  
  158  12:39  Probe (Chrono Boost)  
  158  12:49  Probe (Chrono Boost)  
  159  12:56  Void Ray x2  
  167  13:04  Sentry x3  
  172  13:07  Immortal  
  176  13:28  Dark Templar  
  176  13:30  Dark Templar  
  176  13:31  Dark Templar x2  
  178  14:12  Stalker  
  178  14:13  Stalker x3  
Tags
 
Add a new tag
Caveats
  • Supply blocks, unpowered buildings, or Contaminate may cause inaccurate times.
  • Supply counts are checked every 10 seconds.